cohdb
Replays
Latest Replays
All Replays
Popular Replays
Top Player Replays
Match Explorer
How It Works
Community
CoH3 Stats
Reddit
Sign in to upload your games and track your stats! →
Sign in with Steam
Match 39429333
Unlisted
Match 39429333
Overview
Messages
Build Orders
End
Construct Section Command Post
Selects Canadian Shock Battlegroup
Infantry Section
Vickers Machine Gun Team
Infantry Section
Selects Attacking Spirit
Selects Canadian Shock Section
Canadian Shock Section
Construct Platoon Command Post
Selects Incendiary Munitions
Humber Armored Car
Construct Field Infirmary
Canadian Shock Section
Construct Company Command Post
Selects Pyrotechnics
Canadian Shock Section
Crusader II Medium Tank
Infantry Training
Unlock M3 Grant Medium Tanks
M3 Grant Medium Tank
BigTiddyLebron
The Punisher
AVEAR_PL[IMPERIALIS_GAMING
Artur
0
0
Comments
sign in to comment!
No comments posted yet!